 Dungeon Crawl Stone Soup version 0.30-a0-637-gacddeb6d44 (webtiles) character file.

Game seed: 9762009091293332166

158 HoaS the Shooter (level 5, -5/30 HPs)
             Began as a Gargoyle Hunter on Jan 15, 2023.
             Killed by divine providence
             ... invoked by an orc priest
              (13 damage)
             ... on level 3 of the Dungeon.
             The game lasted 00:04:34 (1875 turns).

HoaS the Shooter (Gargoyle Hunter)                  Turns: 1875, Time: 00:04:34

Health: -5/30      AC: 10    Str: 15    XL:     5   Next: 40%
Magic:  5/5        EV: 11    Int:  9    God:
Gold:   179        SH:  0    Dex: 15    Spells: 4/4 levels left

rFire   . . .      SeeInvis .    a - +1 shortbow
rCold   . . .      Faith    .    (shield currently unavailable)
rNeg    + . .      Spirit   .    c - +0 leather armour
rPois   ∞          Reflect  .    j - +1 helmet
rElec   +          Harm     .    (no cloak)
rCorr   .          Rampage  .    f - +0 pair of gloves
Will    .....                    (no boots)
Stlth   ++                       (no amulet)
HPRegen 0.25/turn                (no ring)
MPRegen 0.09/turn                (no ring)

@: no status effects
A: sickness immunity, AC +4, negative energy resistance 1, electricity
resistance, torment resistance 1, petrification resistance
a: no special abilities


You were on level 3 of the Dungeon.
You visited 1 branch of the dungeon, and saw 3 of its levels.

You collected 179 gold pieces.

Inventory:

Hand Weapons
 a - a +1 shortbow (weapon)
Armour
 c - a +0 leather armour (worn)
 f - a +0 pair of gloves (worn)
 j - a +1 helmet (worn)
Jewellery
 g - an amulet of magic regeneration
Scrolls
 b - a scroll of immolation
Potions
 d - a potion of haste {unknown}
 e - 5 potions of curing {unknown}
 h - 2 potions of degeneration {unknown}
 i - a potion of attraction {unknown}


   Skills:
 - Level 2.1 Fighting
 + Level 6.5 Ranged Weapons
 - Level 1.5 Dodging
 - Level 1.1 Stealth


You had 4 spell levels left.
You didn't know any spells.
Your spell library contained the following spells:

 Spells                   Type           Power      Damage    Failure   Level
 Blink                    Tloc           0%         N/A       58%         2
 Momentum Strike          Conj/Tloc      0%         3d8       58%         2
 Gell's Gravitas          Tloc           0%         N/A       83%         3
 Lesser Beckoning         Tloc           0%         N/A       83%         3
 Teleport Other           Tloc           0%         N/A       83%         3


Dungeon Overview and Level Annotations

Branches:
Dungeon (3/15)

Altars:

Shops:
D:1 :

Annotations:
D:2 1 runed translucent door, Crazy Yiuf


Innate Abilities, Weirdness & Mutations

You are immune to sickness and miasma.
Your stone body is resilient. (AC +4)
You are immune to poison.
You resist negative energy. (rN+)
You are resistant to electric shocks. (rElec)
You are resistant to unholy torment.
You are immune to petrification.


Message History

An orc priest comes into view. It is wielding a +0 hand axe.
You shoot an arrow. The arrow barely misses the orc.
The orc priest shouts!
The orc barely misses you.
You shoot an arrow. The arrow hits the orc.
The orc is almost dead.
The orc barely misses you.
The orc priest calls upon Beogh to heal the orc.
The orc is healed somewhat.
The orc barely misses you.
The orc priest calls upon Beogh to heal the orc.
The orc's wounds heal themselves!
You shoot an arrow. The arrow barely misses the orc.
The orc closely misses you.
You shoot an arrow. The arrow hits the orc.
The orc is heavily wounded.
The orc hits you but does no damage.
You shoot an arrow. The arrow hits the orc.
You kill the orc!
The orc priest miscasts a cantrip.
Items here: )) [[ †.
You shoot an arrow. The arrow hits the orc priest!
The orc priest is severely wounded.
The orc priest looks satisfied for a moment.
You shoot an arrow.
The arrow closely misses the orc priest.
The orc priest miscasts a cantrip.
The orc priest closely misses you.
You shoot an arrow.
The arrow closely misses the orc priest.
The orc priest calls down the wrath of Beogh upon you.
Pain shoots through your body!
You shoot an arrow. The arrow hits the orc priest.
The orc priest is almost dead.
The orc priest hits you with a +0 hand axe.
You shoot an arrow. The arrow barely misses the orc priest.
The orc priest hits you but does no damage.
You shoot an arrow. The arrow barely misses the orc priest.
The orc priest calls down the wrath of Beogh upon you.
Beogh smites you!
You die...

#.# #..# # # #.#
#..# .#
###.##.####..###.#
#................
#.#.##...#.....# #
#...##..[#
#.##...##..#
#....o.....#
#####@####.# #.#
#.# #.......# #.#
######### #.# #.#
#.# #.#
######.#########
###
................#


You could see an orc priest.

Vanquished Creatures
  An orc priest (D:3)
  Robin (D:2)
  4 gnolls
  2 worms
  A dart slug (D:3)
  2 orcs (D:3)
  3 ball pythons
  An endoplasm (D:3)
  2 giant cockroaches
  9 hobgoblins
  4 jackals (D:1)
  6 kobolds
  5 quokkas
  4 bats
  9 frilled lizards
  9 goblins (D:2)
  7 rats
70 creatures vanquished.

Notes
Turn   | Place    | Note
-------+----------+-------------------------------------------
     0 | D:1      | HoaS the Gargoyle Hunter began the quest for the Orb.
     0 | D:1      | Reached XP level 1. HP: 12/12 MP: 1/1
    77 | D:1      | Found Weucs's Book Shoppe.
   120 | D:1      | Reached XP level 2. HP: 17/17 MP: 2/2
   274 | D:1      | Reached XP level 3. HP: 21/21 MP: 3/3
   479 | D:1      | Reached skill level 5 in Ranged Weapons
   890 | D:2      | Reached XP level 4. HP: 26/26 MP: 4/4
   915 | D:2      | Identified the +3 plate armour of Yxicaw {rPois Str+2
                  | Int-2}
  1080 | D:2      | Noticed Robin
  1089 | D:2      | Killed Robin
  1090 | D:2      | Reached skill level 6 in Ranged Weapons
  1159 | D:2      | Found a faded altar of an unknown god.
  1218 | D:2      | Found a runed translucent door.
  1219 | D:2      | Noticed Crazy Yiuf
  1599 | D:3      | Reached XP level 5. HP: 30/30 MP: 5/5
  1875 | D:3      | Killed from afar by an orc priest

Illustrated notes

Levels and vault maps discovered:
D:1:      minmay_arrival_stone_box, layout_basic, serial_shops,
          nicolae_diamond_shop
D:2:      layout_basic, basic_ecumenical_altar, uniq_crazy_yiuf_cottage,
          uniq_robin
D:3:      layout_loops_corners

Skill      XL: |  1  2  3  4 |
---------------+-------------+-----
Ranged Weapons | 5 6 |  6.5
Fighting       | |  2.1
Dodging        | |  1.5
Stealth        | |  1.1

Action                   |  1- 3 |  4- 6 || total
-------------------------+-------+-------++-------
 Fire: Shortbow          |    90 |    83 ||   173
  Use: Scroll            |     1 |     2 ||     3
Armor: Leather armour    |    16 |    21 ||    37
Dodge: Dodged            |    19 |    14 ||    33

Table legend: (Time is in decaauts)
 A = Elapsed time spent in this place.
 B = Non-inter-level travel time spent in this place.
 C = Inter-level travel time spent in this place.
 D = Time resting spent in this place.
 E = Time spent auto-exploring this place.
 F = Levels seen in this place.
 G = Mean time per level.
                   A        B        C        D        E       F      G
               +--------+--------+--------+--------+--------+-----+--------+
         Total |   1921 |   1889 |     32 |     86 |   1326 |   3 |  640.3 |
       Dungeon |   1921 |   1889 |     32 |     86 |   1326 |   3 |  640.3 |
               +--------+--------+--------+--------+--------+-----+--------+

Top non-repeatable levels by time:
     D:2: 928 daAuts
     D:1: 659 daAuts
     D:3: 333 daAuts
